BSA
CHICAGO MACHINE @ ST CHARLES SHEENS
05/15/2030
 
TOP OF THE 1ST
Chicago Machine batting - Pitching for St Charles Sheens : LHP Paul Adams
Pitching: LHP Paul Adams
Batting: RHB Nick Harris 0-0: Called Strike
0-1: Fly out, F9 (Flyball, 89S)
Batting: SHB José Alomar 0-0: Ball
1-0: Reached on error, E6 (Groundball, 6)
Batting: RHB Doug Stephens 0-0: SINGLE (Line Drive, 89S)
José Alomar to second
José Alomar to third
Batting: RHB Will Lott 0-0: Ball
1-0: Swinging Strike
1-1: Ball
2-1: Fly out, F8 (Flyball, 78D)
Runner from 3rd tags up, SCORES, no throw
Batting: LHB Bernardo Montés 0-0: Ball
1-0: Ball
2-0: Foul Ball, location: 2F
2-1: Ball
3-1: Called Strike
3-2: Foul Ball, location: 2F
3-2: Foul Ball, location: 2F
3-2: Foul Ball, location: 2F
3-2: Base on Balls
Doug Stephens to second
Batting: RHB Pablo Sandoval 0-0: Called Strike
0-1: Ball
Wild Pitch!
Doug Stephens to third
Bernardo Montés to second
1-1: Foul Ball, location: 2F
1-2: Ball
2-2: Ball
3-2: Base on Balls
Batting: LHB Edward Bennett 0-0: Called Strike
0-1: Called Strike
0-2: Fly out, F8 (Flyball, 8LS)
Top of the 1st over - 1 run, 1 hit, 1 error, 3 left on base; Chicago 1 - St Charles 0
BOTTOM OF THE 1ST
St Charles Sheens batting - Pitching for Chicago Machine : RHP Rod Day
Pitching: RHP Rod Day
Batting: RHB Miguel Palácios 0-0: Called Strike
0-1: Called Strike
0-2: Ground out 4-3 (Groundball, 4)
Batting: RHB Lúcio Alfaro 0-0: Ball
1-0: Called Strike
1-1: Ball
2-1: Foul Ball, location: 2F
2-2: Strikes out swinging
Batting: RHB Víctor Arredondo 0-0: Ball
1-0: Foul Ball, location: 2F
1-1: Ground out 5-3 (Groundball, 56)
Bottom of the 1st over - 0 runs, 0 hits, 0 errors, 0 left on base; Chicago 1 - St Charles 0
TOP OF THE 2ND
Chicago Machine batting - Pitching for St Charles Sheens : LHP Paul Adams
Batting: RHB Gonzalo Gil 0-0: Ball
1-0: Foul Ball, location: 2F
1-1: Called Strike
1-2: Ball
2-2: Reached on error, E4 (Groundball, 4)
Batting: SHB Edward Bartlett 0-0: Called Strike
0-1: Called Strike
0-2: Foul Ball, location: 2F
0-2: Ball
1-2: Grounds into double play, 4-6-3 (Groundball, 4)
Batting: RHB Nick Harris 0-0: Ground out 5-3 (Groundball, 56)
Top of the 2nd over - 0 runs, 0 hits, 1 error, 0 left on base; Chicago 1 - St Charles 0
BOTTOM OF THE 2ND
St Charles Sheens batting - Pitching for Chicago Machine : RHP Rod Day
Batting: RHB Ramón Molina 0-0: Foul Ball, location: 2F
0-1: Ball
1-1: Foul Ball, location: 2F
1-2: Ball
2-2: SINGLE (Groundball, 4D)
Batting: LHB Juan Jose Rojas 0-0: Called Strike
0-1: Ground out 3-1 (Groundball, 34)
Ramón Molina to second
Batting: RHB Shawn Gutiérrez 0-0: Called Strike
0-1: Called Strike
0-2: Ball
1-2: Ball
2-2: Ground out 6-3 (Groundball, 6)
Batting: RHB Sergio Pujols 0-0: Called Strike
0-1: Ball
1-1: Swinging Strike
1-2: Ball
2-2: Foul Ball, location: 2F
2-2: Fly out, F9 (Line Drive, 89D)
Bottom of the 2nd over - 0 runs, 1 hit, 0 errors, 1 left on base; Chicago 1 - St Charles 0
TOP OF THE 3RD
Chicago Machine batting - Pitching for St Charles Sheens : LHP Paul Adams
Batting: SHB José Alomar 0-0: Ball
1-0: Foul Ball, location: 2F
1-1: Ball
2-1: Ball
3-1: Base on Balls
Batting: RHB Doug Stephens 0-0: Called Strike
0-1: Ball
1-1: Ball
2-1: Ball
3-1: Called Strike
3-2: SINGLE (Groundball, 6MD)
José Alomar to second
Runner from 2nd tries for 3rd, SAFE, no throw
Batting: RHB Will Lott 0-0: Ball
1-0: Ball
2-0: Called Strike
2-1: Foul Ball, location: 2F
2-2: Foul Ball, location: 2F
2-2: Fly out, F6 (Line Drive, 6M)
Batting: LHB Bernardo Montés 0-0: Called Strike
0-1: Ball
1-1: Grounds into double play, 4-6-3 (Groundball, 4D)
Top of the 3rd over - 0 runs, 1 hit, 0 errors, 1 left on base; Chicago 1 - St Charles 0
BOTTOM OF THE 3RD
St Charles Sheens batting - Pitching for Chicago Machine : RHP Rod Day
Batting: RHB Glen MacDonald 0-0: Called Strike
0-1: Swinging Strike
0-2: Strikes out swinging
Batting: RHB Salvador Rodríguez 0-0: Called Strike
0-1: Ground out 5-3 (Groundball, 56S)
Batting: RHB Miguel Palácios 0-0: Ball
1-0: Ball
2-0: Ball
3-0: Called Strike
3-1: Called Strike
3-2: Ground out 4-3 (Groundball, 34)
Bottom of the 3rd over - 0 runs, 0 hits, 0 errors, 0 left on base; Chicago 1 - St Charles 0
TOP OF THE 4TH
Chicago Machine batting - Pitching for St Charles Sheens : LHP Paul Adams
Batting: RHB Pablo Sandoval 0-0: Foul Ball, location: 2F
0-1: Ground out 4-3 (Groundball, 4S)
Batting: LHB Edward Bennett 0-0: SINGLE (Line Drive, 8RS)
Batting: RHB Gonzalo Gil 0-0: Ball
1-0: Swinging Strike
1-1: Called Strike
1-2: Foul Ball, location: 2F
1-2: DOUBLE (Flyball, 8LXD)
Edward Bennett to third
Batting: SHB Edward Bartlett 0-0: Ball
1-0: Fly out, F9 (Flyball, 9S)
Batting: RHB Nick Harris 0-0: Fly out, F8 (Flyball, 89XD)
Top of the 4th over - 0 runs, 2 hits, 0 errors, 2 left on base; Chicago 1 - St Charles 0
BOTTOM OF THE 4TH
St Charles Sheens batting - Pitching for Chicago Machine : RHP Rod Day
Batting: RHB Lúcio Alfaro 0-0: Ball
1-0: Foul Ball, location: 2F
1-1: Swinging Strike
1-2: Foul Ball, location: 2F
1-2: Ball
2-2: Ball
3-2: Ground out 1-3 (Groundball, 13S)
Batting: RHB Víctor Arredondo 0-0: Ball
1-0: Called Strike
1-1: Ball
2-1: Ball
3-1: Fly out, F7 (Line Drive, 7S)
Batting: RHB Ramón Molina 0-0: Called Strike
0-1: Foul Ball, location: 2F
0-2: Ball
1-2: Strikes out swinging
Bottom of the 4th over - 0 runs, 0 hits, 0 errors, 0 left on base; Chicago 1 - St Charles 0
TOP OF THE 5TH
Chicago Machine batting - Pitching for St Charles Sheens : LHP Paul Adams
Batting: SHB José Alomar 0-0: Ball
1-0: SINGLE (Groundball, 6D)
Batting: RHB Doug Stephens 0-0: Called Strike
0-1: Ball
1-1: Ball
2-1: Called Strike
José Alomar steals 2nd base
2-2: Foul Ball, location: 2F
2-2: Foul Ball, location: 2F
2-2: Ball
3-2: SINGLE (Line Drive, 78S)
José Alomar to third
Batting: RHB Will Lott 0-0: Ball
1-0: Ball
2-0: Foul Ball, location: 2F
2-1: Foul Ball, location: 2F
2-2: Ball
3-2: Foul Ball, location: 2F
3-2: Foul Ball, location: 2F
3-2: Ground out 5-3 (Groundball, 56S)
Doug Stephens to second
Batting: LHB Bernardo Montés 0-0: Ball
1-0: Ball
2-0: Fly out, F4 (Popup, 34S)
Batting: RHB Pablo Sandoval 0-0: Ground out 6-3 (Groundball, 6)
Top of the 5th over - 0 runs, 2 hits, 0 errors, 2 left on base; Chicago 1 - St Charles 0
BOTTOM OF THE 5TH
St Charles Sheens batting - Pitching for Chicago Machine : RHP Rod Day
Batting: LHB Juan Jose Rojas 0-0: Ball
1-0: Called Strike
1-1: Ball
2-1: Ball
3-1: Base on Balls
Batting: RHB Shawn Gutiérrez 0-0: Called Strike
0-1: Called Strike
0-2: Ball
1-2: Ground out 5-3 (Groundball, 25)
Juan Jose Rojas to second
Batting: RHB Sergio Pujols 0-0: Ball
1-0: Ball
2-0: DOUBLE (Flyball, 78D)
Juan Jose Rojas scores
Batting: RHB Glen MacDonald 0-0: Intentional Walk
Batting: RHB Salvador Rodríguez 0-0: Ball
1-0: Ball
2-0: Called Strike
2-1: Ball
3-1: SINGLE (Line Drive, 7LS)
Sergio Pujols to third
Glen MacDonald to second
Runner from 3rd tries for Home, SAFE, no throw
Batting: RHB Miguel Palácios 0-0: Ball
1-0: Foul Ball, location: 2F
1-1: Foul Ball, location: 2F
1-2: Foul Ball, location: 2F
1-2: Foul Ball, location: 2F
1-2: SINGLE (Line Drive, 6M)
Glen MacDonald to third
Salvador Rodríguez to second
Batting: RHB Lúcio Alfaro 0-0: Fly out, F7 (Flyball, 7LMF)
Runner from 3rd tags up, SCORES, no throw
Batting: RHB Víctor Arredondo 0-0: Ball
1-0: Fly out, F6 (Line Drive, 6)
Bottom of the 5th over - 3 runs, 3 hits, 0 errors, 2 left on base; Chicago 1 - St Charles 3
TOP OF THE 6TH
Chicago Machine batting - Pitching for St Charles Sheens : LHP Paul Adams
Batting: LHB Edward Bennett 0-0: Swinging Strike
0-1: Swinging Strike
0-2: Strikes out swinging
Batting: RHB Gonzalo Gil 0-0: Ball
1-0: Called Strike
1-1: Swinging Strike
1-2: Foul Ball, location: 2F
1-2: Foul Ball, location: 2F
1-2: Ball
2-2: Strikes out looking
Batting: SHB Edward Bartlett 0-0: Called Strike
0-1: Called Strike
0-2: Foul Ball, location: 2F
0-2: Fly out, F4 (Popup, 3DF)
Top of the 6th over - 0 runs, 0 hits, 0 errors, 0 left on base; Chicago 1 - St Charles 3
BOTTOM OF THE 6TH
St Charles Sheens batting - Pitching for Chicago Machine : RHP Rod Day
Pitching: RHP Garrett Bell
Batting: RHB Ramón Molina 0-0: SINGLE (Line Drive, 78S)
Batting: LHB Juan Jose Rojas 0-0: Ball
1-0: Foul Ball, location: 2F
1-1: Foul Ball, location: 2F
1-2: Ball
2-2: Foul Ball, location: 2F
2-2: Strikes out swinging
Batting: RHB Shawn Gutiérrez 0-0: Called Strike
0-1: Swinging Strike
0-2: Fly out, F5 (Popup, 56)
Batting: RHB Sergio Pujols 0-0: Ball
1-0: Ground out 5-3 (Groundball, 5S)
Bottom of the 6th over - 0 runs, 1 hit, 0 errors, 1 left on base; Chicago 1 - St Charles 3
TOP OF THE 7TH
Chicago Machine batting - Pitching for St Charles Sheens : LHP Paul Adams
Pitching: RHP Irwin Conway
Batting: RHB Nick Harris 0-0: Called Strike
0-1: Foul Ball, location: 2F
0-2: SINGLE (Line Drive, 56)
Batting: SHB José Alomar 0-0: Ball
Nick Harris steals 2nd base
1-0: Fly out, F9 (Line Drive, 89S)
Batting: RHB Doug Stephens 0-0: Called Strike
Nick Harris is caught stealing 3rd base
0-1: Fly out, F8 (Flyball, 78M)
Top of the 7th over - 0 runs, 1 hit, 0 errors, 0 left on base; Chicago 1 - St Charles 3
BOTTOM OF THE 7TH
St Charles Sheens batting - Pitching for Chicago Machine : RHP Garrett Bell
Batting: RHB Glen MacDonald 0-0: Ball
1-0: Ball
2-0: Foul Ball, location: 2F
2-1: Fly out, F1 (Line Drive, 13S)
Batting: RHB Salvador Rodríguez 0-0: Called Strike
0-1: SINGLE (Groundball, 56D)
Batting: RHB Miguel Palácios 0-0: Ball
1-0: Ground out 5-3 (Groundball, 5S)
Salvador Rodríguez to second
Batting: RHB Lúcio Alfaro 0-0: Swinging Strike
0-1: Ball
1-1: Fly out, F8 (Flyball, 8RD)
Bottom of the 7th over - 0 runs, 1 hit, 0 errors, 1 left on base; Chicago 1 - St Charles 3
TOP OF THE 8TH
Chicago Machine batting - Pitching for St Charles Sheens : RHP Irwin Conway
Batting: RHB Will Lott 0-0: Ball
1-0: Called Strike
1-1: Ball
2-1: Foul Ball, location: 2F
2-2: Ground out 6-3 (Groundball, 6)
Batting: LHB Bernardo Montés 0-0: Called Strike
0-1: Ball
1-1: Called Strike
1-2: Ball
2-2: SINGLE (Groundball, 34D)
Batting: RHB Pablo Sandoval 0-0: Ball
1-0: Fly out, F5 (Line Drive, 56)
Batting: LHB Edward Bennett 0-0: Fly out, F7 (Flyball, 7LMF)
Top of the 8th over - 0 runs, 1 hit, 0 errors, 1 left on base; Chicago 1 - St Charles 3
BOTTOM OF THE 8TH
St Charles Sheens batting - Pitching for Chicago Machine : RHP Garrett Bell
Batting: RHB Víctor Arredondo 0-0: Ball
1-0: Ball
2-0: Called Strike
2-1: Ball
3-1: Called Strike
3-2: Foul Ball, location: 2F
3-2: Fly out, F8 (Line Drive, 8LD)
Batting: RHB Ramón Molina 0-0: Fly out, F8 (Flyball, 89D)
Batting: LHB Juan Jose Rojas 0-0: Ball
1-0: Called Strike
1-1: Ground out 4-3 (Groundball, 4)
Bottom of the 8th over - 0 runs, 0 hits, 0 errors, 0 left on base; Chicago 1 - St Charles 3
TOP OF THE 9TH
Chicago Machine batting - Pitching for St Charles Sheens : RHP Irwin Conway
Pitching: RHP Jesse Jones
Batting: RHB Gonzalo Gil 0-0: Swinging Strike
0-1: Foul Ball, location: 2F
0-2: Ball
1-2: Fly out, F8 (Flyball, 8LM)
Batting: SHB Edward Bartlett 0-0: Ground out 4-3 (Groundball, 34D)
Batting: RHB Nick Harris 0-0: Ball
1-0: Foul Ball, location: 2F
1-1: Ground out 6-3 (Groundball, 6)
Top of the 9th over - 0 runs, 0 hits, 0 errors, 0 left on base; Chicago 1 - St Charles 3
Saturday, April 7th, 2018 - OOTP Baseball 18.8 Build 76